 Dungeon Crawl Stone Soup version 0.30-a0-728-gc68057be0a (webtiles) character file.

Game seed: 9109665534229366887

72 jimonade the Shield-Bearer (level 4, 0/37 HPs)
             Began as a Formicid Fighter on Jan 31, 2023.
             Frozen to death by an endoplasm (2 damage)
             ... on level 3 of the Dungeon.
             The game lasted 00:05:06 (1442 turns).

jimonade the Shield-Bearer (Formicid Fighter)       Turns: 1442, Time: 00:05:07

Health: 0/37       AC: 11    Str: 27    XL:     4   Next: 48%
Magic:  4/4        EV:  8    Int:  7    God:
Gold:   85         SH:  5    Dex: 15    Spells: 3/3 levels left

rFire   . . .      SeeInvis +    a - +0 long sword
rCold   . . .      Faith    .    c - +0 buckler
rNeg    . . .      Spirit   .    t - +0 chain mail
rPois   .          Reflect  .    (helmet unavailable)
rElec   .          Harm     .    (no cloak)
rCorr   .          Rampage  .    (no gloves)
Will    .....                    g - +1 pair of boots Stlth
                                 (no amulet)
HPRegen 0.26/turn                q - +6 ring of strength
MPRegen 0.09/turn                (no ring)

@: no status effects
A: permanent stasis, dig shafts and tunnels, antennae 3, four strong arms
a: Dig, Shaft Self


You were on level 3 of the Dungeon.
You visited 1 branch of the dungeon, and saw 3 of its levels.

You collected 85 gold pieces.

Inventory:

Hand Weapons
 a - a +0 long sword (weapon)
 b - a +0 short sword of draining
 r - a +0 quarterstaff
Armour
 c - a +0 buckler (worn)
 f - a +0 scale mail
 g - a +1 pair of boots (worn)
 l - a scarf of invisibility
 t - a +0 chain mail (worn)
Jewellery
 q - a +6 ring of strength (left hand)
Wands
 o - a wand of polymorph (12)
Scrolls
 e - 4 scrolls of identify {unknown}
 h - a scroll of immolation {unknown}
 i - a scroll of acquirement {unknown}
 n - a scroll of blinking {unknown}
 p - a scroll of noise {unknown}
 s - 3 scrolls of silence {unknown}
Potions
 d - a potion of might
 j - 2 potions of curing {unknown}
 k - a potion of degeneration {unknown}
 m - a potion of flight {unknown}


   Skills:
 + Level 3.8 Fighting
 * Level 3.3 Long Blades
 + Level 3.8 Armour
 + Level 4.3 Shields


You had 3 spell levels left.
You didn't know any spells.
Your spell library contained the following spells:

 Spells                   Type           Power      Damage    Failure   Level
 Ensorcelled Hibernation  Hex/Ice        0%         N/A       99%         2
 Spider Form              Tmut/Pois      0%         N/A       100%        3
 Anguish                  Hex/Necr       0%         N/A       100%        4


Dungeon Overview and Level Annotations

Branches:
Dungeon (3/15)

Altars:


Innate Abilities, Weirdness & Mutations

You cannot be hasted, slowed, berserked, paralysed or teleported.
You can dig through walls and to a lower floor.
You have a pair of large antennae on your head. (SInv)
Your four strong arms can wield two-handed weapons with a shield.


Message History

You kill the orc!
You hit the orc but do no damage. The orc hits you but does no damage. x2
You closely miss the orc.
The endoplasm jiggles.
The orc closely misses you.
You hit the orc.
The orc is severely wounded.
The orc hits you but does no damage.
You closely miss the orc.
The orc is severely wounded.
The orc hits you but does no damage.
You barely miss the orc.
The orc is severely wounded.
The orc hits you but does no damage.
You are electrocuted!
The orc hits you with a +0 short sword of electrocution.
You hit the orc but do no damage.
The orc is severely wounded.
The orc barely misses you.
You closely miss the orc.
The orc is severely wounded.
The orc hits you but does no damage.
You are electrocuted!
* * * LOW HITPOINT WARNING * * *
You hit the orc.
You kill the orc!
You block the orc's attack.
You closely miss the orc. The orc hits you with a +0 falchion.
* * * LOW HITPOINT WARNING * * *
You closely miss the orc. The orc hits you with a +0 falchion.
* * * LOW HITPOINT WARNING * * *
You hit the orc.
The orc is lightly wounded.
The orc hits you but does no damage.
You slash the orc!
You kill the orc!
You block the endoplasm's attack.
You hit the endoplasm.
The endoplasm is severely wounded.
The endoplasm freezes you.
You are frozen.
You die...

######### ........#
#######.## #........# #.
#......#.# ###.
#........# .....
#.#####..# ....
#@#####..#
...#J##.....#########
...##.#.##.###..........
.....<.....# ###########
##.####.#..#
...........#
.......>.#.#
....{.#..#.# .o.{{.....
#


You could see an endoplasm.

Vanquished Creatures
  3 adders (D:2)
  2 dart slugs
  4 orcs (D:3)
  4 endoplasms
  A giant cockroach (D:2)
  3 goblins
  2 hobgoblins
  6 kobolds
  3 quokkas
  A ball python (D:2)
  A bat (D:2)
  3 frilled lizards
  5 rats
38 creatures vanquished.

Notes
Turn   | Place    | Note
-------+----------+-------------------------------------------
     0 | D:1      | jimonade the Formicid Fighter began the quest for the Orb.
     0 | D:1      | Reached XP level 1. HP: 18/18 MP: 1/1
   103 | D:1      | Reached XP level 2. HP: 22/24 MP: 2/2
   590 | D:2      | Reached XP level 3. HP: 30/30 MP: 3/3
   920 | D:2      | Reached XP level 4. HP: 32/37 MP: 4/4
  1439 | D:3      | HP: 1/37 [orc/+0 falchion (2)]
  1442 | D:3      | Frozen to death by an endoplasm

Illustrated notes

Levels and vault maps discovered:
D:1:      lordsloth_arrival_two_stooges, layout_loops_cross
D:2:      layout_loops_ring, chequers_serial_rivers_large_b, minivault_11,
          minmay_fountain_box
D:3:      layout_basic, grunt_decor_arrowhead, uniq_ijyb

Skill      XL: |  1  2  3 |
---------------+----------+-----
Long Blades    | 3 |  3.3
Fighting       | |  3.8
Armour         | |  3.8
Shields        | |  4.3

Action                     |  1- 3 |  4- 6 || total
---------------------------+-------+-------++-------
  Melee: Long sword        |    66 |    55 ||   121
 Armour: Scale mail        |    38 |    12 ||    50
         Chain mail        |       |    18 ||    18
  Dodge: Dodged            |    34 |    13 ||    47
  Block: Buckler           |    22 |     6 ||    28

Table legend: (Time is in decaauts)
 A = Elapsed time spent in this place.
 B = Non-inter-level travel time spent in this place.
 C = Inter-level travel time spent in this place.
 D = Time resting spent in this place.
 E = Time spent auto-exploring this place.
 F = Levels seen in this place.
 G = Mean time per level.
                   A        B        C        D        E       F      G
               +--------+--------+--------+--------+--------+-----+--------+
         Total |   1510 |   1421 |     89 |      0 |   1057 |   3 |  503.3 |
       Dungeon |   1510 |   1421 |     89 |      0 |   1057 |   3 |  503.3 |
               +--------+--------+--------+--------+--------+-----+--------+

Top non-repeatable levels by time:
     D:2: 846 daAuts
     D:1: 587 daAuts
     D:3: 76 daAuts
